 Dungeon Crawl Stone Soup version 0.18.1-6-gd335043 (webtiles) character file.

93 mopl the Sneak (level 4, -3/31 HPs)
             Began as a Vampire Transmuter on May 17, 2016.
             Slain by Terence
             ... wielding a +7 mace of holy wrath
              (9 damage)
             ... on level 2 of the Dungeon.
             The game lasted 00:03:19 (2735 turns).

mopl the Sneak (Vampire Transmuter)                 Turns: 2735, Time: 00:03:20

Health: -3/31      AC:  3    Str:  9    XL:     4   Next: 37%
Magic:  7/7        EV: 12    Int: 15    God:
Gold:   133        SH:  0    Dex: 15    Spells: 2 memorised, 4 levels left

rFire  . . .     SeeInvis +     t - +3 quarterstaff (chaos)
rCold  + . .     Gourm    .     e - +0 robe
rNeg   + + .     Faith    .     (shield currently unavailable)
rPois  +         Spirit   .     (no helmet)
rElec  .         Dismiss  .     u - +0 cloak
rCorr  .         Reflect  .     (no gloves)
SustAt .         Harm     .     (no boots)
MR     .....                    (no amulet)
Stlth  ++++......               (no ring)
                                (no ring)

@: regenerating slowly, not resistant to hostile enchantments, stealthy
A: fangs 3, see invisible, unbreathing
a: Bat Form


You were on level 2 of the Dungeon.
You were very thirsty.

You visited 1 branch of the dungeon, and saw 2 of its levels.

You collected 133 gold pieces.

Inventory:

Hand Weapons
 b - a +0 hunting sling of evasion
 r - a +0 falchion
 t - a +3 quarterstaff of chaos (weapon)
Missiles
 a - 76 arrows
 f - 46 stones (quivered)
 m - 20 poisoned needles
 q - 4 tomahawks
 w - a throwing net
Armour
 e - a +0 robe (worn)
 u - a +0 cloak (worn)
Scrolls
 g - a scroll of fog {unknown}
 h - 2 scrolls of random uselessness {unknown}
 l - a scroll of identify {unknown}
 v - a scroll of remove curse {unknown}
Potions
 d - 5 potions of blood
 i - a potion of curing {unknown}
 j - a potion of degeneration {unknown}
 k - a potion of experience {unknown}
 n - 2 potions of lignification {unknown}
 o - a potion of agility {unknown}
 p - 2 potions of heal wounds {unknown}
 s - a potion of ambrosia {unknown}
Books
 c - a book of Changes

   Spells                             Type                      Level
   a - Beastly Appendage              Transmutation                1
   b - Sticks to Snakes               Transmutation                2
   c - Spider Form                    Transmutation/Poison         3
   d - Ice Form                       Ice/Transmutation            4
   e - Blade Hands                    Transmutation                5


   Skills:
 - Level 0.8 Fighting
 - Level 2.1 Dodging
 * Level 6.5 Stealth
 - Level 3.2 Unarmed Combat
 - Level 2.0 Spellcasting
 - Level 2.1 Transmutations


You had 4 spell levels left.
You knew the following spells:

 Your Spells              Type           Power        Failure   Level  Hunger
a - Beastly Appendage     Trmt           #.....       12%         1    #......
w - Sticks to Snakes      Trmt           #.......     14%         2    ###....


Dungeon Overview and Level Annotations

Branches:
Dungeon (2/15)

Altars:

Annotations:
D:2 Terence


Innate Abilities, Weirdness & Mutations

You heal slowly.
You have razor-sharp teeth.
You have supernaturally acute eyesight.
You can survive without breathing.


Message History

No target in view!
No target in view!
Terence the Incautious comes into view.
He is wielding a mace of holy wrath.
The helpless Terence fails to defend himself.
You bite Terence, and draw his blood!
You feel slightly less thirsty.
You sock Terence! You burn Terence.
Terence is severely wounded.
Terence hits you with a mace of holy wrath!
You convulse.
You are too injured to fight recklessly!
You are too injured to fight recklessly!
You barely miss Terence.
Terence is severely wounded.
Terence barely misses you.
You hit Terence.
Terence is almost dead.
Terence hits you with a mace of holy wrath!
* * * LOW HITPOINT WARNING * * *
You convulse!
You die...

#.#.##.########'#####.
.g...%.................
#.#.##.............##.#
..#.##.#...####.##.#
.##.##.#...# #.# .# #
..#.##%#...####.##.##.#
#.#.)..'...'..........#
#.####.#...####.##.####.
#...........#...@@......
...###.####.#.########..
...# #.##...........
...# #.##.#.#.######
...###.##.#.#.#
....##.##.#.#.#
##..##.##.#.#.#
..........#....
##.#.#.######.#


You could see Terence.

Vanquished Creatures
  Crazy Yiuf (D:2)
  2 adders (D:2)
  3 worms (D:2)
  2 dart slugs
  2 giant cockroaches
  3 goblins (D:1)
  9 hobgoblins
  2 jackals (D:2)
  A quokka (D:2)
  4 bats
  2 giant newts
  A kobold (D:1)
  3 rats (D:1)
35 creatures vanquished.

Notes
Turn   | Place    | Note
--------------------------------------------------------------
     0 | D:1      | mopl the Vampire Transmuter began the quest for the Orb.
     0 | D:1      | Reached XP level 1. HP: 14/14 MP: 3/3
    42 | D:1      | Reached skill level 1 in Stealth
    56 | D:1      | Reached skill level 2 in Stealth
   333 | D:1      | Reached XP level 2. HP: 20/20 MP: 5/5
   349 | D:1      | Learned a level 2 spell: Sticks to Snakes
   498 | D:1      | Reached skill level 3 in Stealth
  1185 | D:2      | Reached skill level 4 in Stealth
  1197 | D:2      | Reached XP level 3. HP: 25/25 MP: 6/6
  1963 | D:2      | Noticed Crazy Yiuf
  1969 | D:2      | Killed Crazy Yiuf
  1969 | D:2      | Reached skill level 5 in Stealth
  1969 | D:2      | Reached XP level 4. HP: 12/31 MP: 7/7
  2596 | D:2      | Reached skill level 6 in Stealth
  2729 | D:2      | Noticed Terence
  2735 | D:2      | Slain by Terence

Skill      XL: |  1  2  3  4 |
---------------+-------------+-----
Stealth        | 2 4 5 6 |  6.5
Fighting       | |  0.8
Dodging        | |  2.1
Unarmed Combat | |  3.2
Spellcasting   | |  2.0
Transmutations | |  2.1

Action                   |  1- 3 |  4- 6 || total
-------------------------+-------+-------++-------
Melee: Unarmed           |    26 |       ||    26
       Bite              |     3 |     1 ||     4
       Quarterstaff      |       |    26 ||    26
 Fire: Hunting sling     |    88 |       ||    88
 Cast: Sticks to Snakes  |     3 |       ||     3
  Use: Potion            |       |     1 ||     1
 Stab: Sleeping          |     1 |     5 ||     6
Armor: Robe              |     6 |     2 ||     8
Dodge: Dodged            |    56 |     9 ||    65
